PAAA
SALT LAKE CITY BUZZ @ ELLENBURG FIGHTING DACHSUNDS
07/18/2021
 
TOP OF THE 1ST
Salt Lake City Buzz batting - Pitching for Ellenburg Fighting Dachsunds : LHP Ron O'Slattery
Pitching: LHP Ron O'Slattery
Batting: RHB Roberto Ríos 0-0: Called Strike
0-1: Ball
1-1: SINGLE (Line Drive, 5D)
Batting: RHB Ichiyo Fujii 0-0: Called Strike
0-1: Foul Ball, location: 2F
0-2: Foul Ball, location: 2F
0-2: Foul Ball, location: 2F
0-2: Foul Ball, location: 2F
0-2: Foul Ball, location: 2F
0-2: Foul Ball, location: 2F
0-2: Hit by Pitch
Roberto Ríos to second
Batting: SHB Raymond Bright 0-0: Called Strike
0-1: Called Strike
0-2: Foul Ball, location: 2F
0-2: Ball
1-2: Strikes out swinging
Batting: LHB Martín Núñes 0-0: Fly out, F7 (Flyball, 7LMF)
Batting: SHB Shelby Reusch 0-0: Ball
1-0: Ball
2-0: Ball
3-0: Called Strike
3-1: Called Strike
3-2: Strikes out swinging
Top of the 1st over - 0 run(s), 1 hit(s), 0 error(s), 2 left on base; Salt Lake City 0 - Ellenburg 0
BOTTOM OF THE 1ST
Ellenburg Fighting Dachsunds batting - Pitching for Salt Lake City Buzz : RHP Javier Penela
Pitching: RHP Javier Penela
Batting: RHB Will Thomas 0-0: Ground out 6-3 (Groundball, 6)
Batting: RHB Travis Lee 0-0: Ball
1-0: Ball
2-0: Foul Ball, location: 2F
2-1: Foul Ball, location: 2F
2-2: Ground out 1-3 (Groundball, 13)
Batting: SHB Orlando Deleón 0-0: Ball
1-0: Called Strike
1-1: Ball
2-1: DOUBLE (Groundball, 3L)
Batting: LHB Yannick Hendriksen 0-0: Fly out, F8 (Flyball, 8RM)
Bottom of the 1st over - 0 run(s), 1 hit(s), 0 error(s), 1 left on base; Salt Lake City 0 - Ellenburg 0
TOP OF THE 2ND
Salt Lake City Buzz batting - Pitching for Ellenburg Fighting Dachsunds : LHP Ron O'Slattery
Batting: RHB Larry Brown 0-0: Called Strike
0-1: Ball
1-1: Ground out 4-3 (Groundball, 34)
Batting: RHB Don MacNeilage 0-0: Fly out, F9 (Flyball, 89M)
Batting: LHB George Huffman 0-0: Ball
1-0: Called Strike
1-1: Foul Ball, location: 2F
1-2: SINGLE (Groundball, 15S) (infield hit)
Batting: RHB Bernardo Cruz 0-0: Ball
1-0: Called Strike
1-1: Called Strike
1-2: Foul Ball, location: 2F
1-2: Ground out 6-3 (Groundball, 6)
Top of the 2nd over - 0 run(s), 1 hit(s), 0 error(s), 1 left on base; Salt Lake City 0 - Ellenburg 0
BOTTOM OF THE 2ND
Ellenburg Fighting Dachsunds batting - Pitching for Salt Lake City Buzz : RHP Javier Penela
Batting: SHB Carlos Carranza 0-0: Ball
1-0: Ball
2-0: SINGLE (Line Drive, 8RS)
Batting: RHB Pablo Trujillo 0-0: Called Strike
0-1: Foul Ball, location: 2F
0-2: Ball
1-2: DOUBLE (Line Drive, 78D)
Carlos Carranza to third
Batting: LHB Rick Harrison 0-0: Ball
1-0: Foul Ball, location: 2F
1-1: Foul Ball, location: 2F
1-2: SINGLE (Groundball, 34D)
Carlos Carranza scores
Pablo Trujillo to third
Batting: RHB Kade Knowles 0-0: Ball
1-0: Hit by Pitch
Rick Harrison to second
Batting: LHB Ramón Hernández 0-0: Grounds into double play, 5-4-3 (Groundball, 5)
Pablo Trujillo scores
Rick Harrison to third
Batting: RHB Will Thomas 0-0: Called Strike
0-1: Ball
1-1: Ball
2-1: Ball
3-1: Foul Ball, location: 2F
3-2: Foul Ball, location: 2F
3-2: Foul Ball, location: 2F
3-2: Foul Ball, location: 2F
3-2: Foul Ball, location: 2F
3-2: Foul Ball, location: 2F
3-2: Foul Ball, location: 2F
3-2: SINGLE (Line Drive, 78M)
Rick Harrison scores
Batting: RHB Travis Lee 0-0: Called Strike
0-1: Ball
1-1: Called Strike
1-2: Fielders Choice at 2nd, 5-4 (Groundball, 56)
Bottom of the 2nd over - 3 run(s), 4 hit(s), 0 error(s), 0 left on base; Salt Lake City 0 - Ellenburg 3
TOP OF THE 3RD
Salt Lake City Buzz batting - Pitching for Ellenburg Fighting Dachsunds : LHP Ron O'Slattery
Batting: RHB Roberto Ríos 0-0: Called Strike
0-1: Ball
1-1: Called Strike
1-2: Ground out 5-3 (Groundball, 56)
Batting: RHB Ichiyo Fujii 0-0: Swinging Strike
0-1: Foul Ball, location: 2F
0-2: Foul Ball, location: 2F
0-2: Ball
1-2: Ball
2-2: Ball
3-2: Foul Ball, location: 2F
3-2: Foul Ball, location: 2F
3-2: SINGLE (Line Drive, 8RS)
Batting: SHB Raymond Bright 0-0: Called Strike
0-1: Ball
1-1: Foul Ball, location: 2F
1-2: Foul Ball, location: 2F
1-2: Strikes out swinging
Batting: LHB Martín Núñes 0-0: Called Strike
0-1: Ball
1-1: Foul Ball, location: 2F
1-2: Fly out, F8 (Flyball, 78M)
Top of the 3rd over - 0 run(s), 1 hit(s), 0 error(s), 1 left on base; Salt Lake City 0 - Ellenburg 3
BOTTOM OF THE 3RD
Ellenburg Fighting Dachsunds batting - Pitching for Salt Lake City Buzz : RHP Javier Penela
Batting: SHB Orlando Deleón 0-0: Called Strike
0-1: Ball
1-1: Called Strike
1-2: Strikes out looking
Batting: LHB Yannick Hendriksen 0-0: SINGLE (Groundball, 34D)
Batting: SHB Carlos Carranza 0-0: Ball
1-0: Foul Ball, location: 2F
1-1: Ball
2-1: Foul Ball, location: 2F
2-2: DOUBLE (Flyball, 8RXD)
Yannick Hendriksen to third
Runner from 3rd tries for Home, SAFE, throw made home
Batting: RHB Pablo Trujillo 0-0: Called Strike
0-1: Ball
1-1: Ball
2-1: DOUBLE (Line Drive, 8RM)
Carlos Carranza scores
Batting: LHB Rick Harrison 0-0: Ball
1-0: Swinging Strike
1-1: Foul Ball, location: 2F
1-2: Ground out 4-3 (Groundball, 4M)
Pablo Trujillo to third
Batting: RHB Kade Knowles 0-0: Foul Ball, location: 2F
0-1: Ball
1-1: Foul Ball, location: 2F
1-2: Ball
2-2: Foul Ball, location: 2F
2-2: Strikes out swinging
Bottom of the 3rd over - 2 run(s), 3 hit(s), 0 error(s), 1 left on base; Salt Lake City 0 - Ellenburg 5
TOP OF THE 4TH
Salt Lake City Buzz batting - Pitching for Ellenburg Fighting Dachsunds : LHP Ron O'Slattery
Batting: SHB Shelby Reusch 0-0: Ball
1-0: Swinging Strike
1-1: Called Strike
1-2: Foul Ball, location: 2F
1-2: Strikes out looking
Batting: RHB Larry Brown 0-0: Called Strike
0-1: Ball
1-1: Swinging Strike
1-2: Strikes out looking
Batting: RHB Don MacNeilage 0-0: Ground out 6-3 (Groundball, 6M)
Top of the 4th over - 0 run(s), 0 hit(s), 0 error(s), 0 left on base; Salt Lake City 0 - Ellenburg 5
BOTTOM OF THE 4TH
Ellenburg Fighting Dachsunds batting - Pitching for Salt Lake City Buzz : RHP Javier Penela
Batting: LHB Ramón Hernández 0-0: Foul Ball, location: 2F
0-1: Foul Ball, location: 2F
0-2: Ball
1-2: Foul Ball, location: 2F
1-2: Ground out 5-3 (Groundball, 5)
Batting: RHB Will Thomas 0-0: Foul Ball, location: 2F
0-1: Called Strike
0-2: Ball
1-2: Ground out 6-3 (Groundball, 6)
Batting: RHB Travis Lee 0-0: Called Strike
0-1: SINGLE (Groundball, 56D)
Batting: SHB Orlando Deleón 0-0: Ball
1-0: Ground out 4-3 (Groundball, 4)
Bottom of the 4th over - 0 run(s), 1 hit(s), 0 error(s), 1 left on base; Salt Lake City 0 - Ellenburg 5
TOP OF THE 5TH
Salt Lake City Buzz batting - Pitching for Ellenburg Fighting Dachsunds : LHP Ron O'Slattery
Batting: LHB George Huffman 0-0: Ball
1-0: Ball
2-0: Ball
3-0: Base on Balls
Batting: RHB Bernardo Cruz 0-0: Grounds into double play, 5-4-3 (Groundball, 5)
Batting: RHB Roberto Ríos 0-0: Ball
1-0: Ball
2-0: Ball
3-0: Base on Balls
Batting: RHB Ichiyo Fujii 0-0: Ball
1-0: Called Strike
1-1: Ball
Wild Pitch!
Roberto Ríos to second
2-1: Ball
3-1: Called Strike
3-2: Fly out, F5 (Popup, 25F)
Top of the 5th over - 0 run(s), 0 hit(s), 0 error(s), 1 left on base; Salt Lake City 0 - Ellenburg 5
BOTTOM OF THE 5TH
Ellenburg Fighting Dachsunds batting - Pitching for Salt Lake City Buzz : RHP Javier Penela
Batting: LHB Yannick Hendriksen 0-0: Fly out, F8 (Flyball, 8RD)
Batting: SHB Carlos Carranza 0-0: Fly out, F8 (Flyball, 8LS)
Batting: RHB Pablo Trujillo 0-0: Called Strike
0-1: Called Strike
0-2: Foul Ball, location: 2F
0-2: Ball
1-2: Ball
2-2: Fly out, F8 (Flyball, 89M)
Bottom of the 5th over - 0 run(s), 0 hit(s), 0 error(s), 0 left on base; Salt Lake City 0 - Ellenburg 5
TOP OF THE 6TH
Salt Lake City Buzz batting - Pitching for Ellenburg Fighting Dachsunds : LHP Ron O'Slattery
Batting: SHB Raymond Bright 0-0: Swinging Strike
0-1: Ground out 4-3 (Groundball, 13)
Batting: LHB Martín Núñes 0-0: Foul Ball, location: 2F
0-1: Fly out, F5 (Popup, 5F)
Batting: SHB Shelby Reusch 0-0: Ball
1-0: Ball
2-0: Foul Ball, location: 2F
2-1: Called Strike
2-2: Strikes out swinging
Top of the 6th over - 0 run(s), 0 hit(s), 0 error(s), 0 left on base; Salt Lake City 0 - Ellenburg 5
BOTTOM OF THE 6TH
Ellenburg Fighting Dachsunds batting - Pitching for Salt Lake City Buzz : RHP Javier Penela
Pitching: RHP Javier Díaz
Batting: LHB Rick Harrison 0-0: Ball
1-0: Ball
2-0: Fly out, F5 (Popup, 5SF)
Batting: RHB Kade Knowles 0-0: Called Strike
0-1: SINGLE (Groundball, 6MD)
Batting: LHB Ramón Hernández 0-0: Ball
1-0: Ball
2-0: Ball
3-0: Called Strike
3-1: Base on Balls
Kade Knowles to second
Batting: RHB Will Thomas 0-0: Ball
1-0: Ball
2-0: Ball
3-0: Base on Balls
Kade Knowles to third
Ramón Hernández to second
Batting: RHB Travis Lee 0-0: Called Strike
0-1: Swinging Strike
0-2: Strikes out looking
Batting: SHB Orlando Deleón 0-0: Ball
1-0: SINGLE (Groundball, 13) (infield hit)
Kade Knowles scores
Ramón Hernández to third
Will Thomas to second
Batting: LHB Yannick Hendriksen 0-0: Ball
1-0: Fly out, F9 (Popup, 89S)
Bottom of the 6th over - 1 run(s), 2 hit(s), 0 error(s), 3 left on base; Salt Lake City 0 - Ellenburg 6
TOP OF THE 7TH
Salt Lake City Buzz batting - Pitching for Ellenburg Fighting Dachsunds : LHP Ron O'Slattery
Batting: RHB Larry Brown 0-0: Ball
1-0: Ground out 6-3 (Groundball, 6M)
Batting: RHB Don MacNeilage 0-0: Called Strike
0-1: Called Strike
0-2: Ball
1-2: Ball
2-2: Fly out, F7 (Flyball, 7M)
Batting: LHB George Huffman 0-0: Ball
1-0: Ball
2-0: Ball
3-0: Called Strike
3-1: Fly out, F4 (Popup, 3DF)
Top of the 7th over - 0 run(s), 0 hit(s), 0 error(s), 0 left on base; Salt Lake City 0 - Ellenburg 6
BOTTOM OF THE 7TH
Ellenburg Fighting Dachsunds batting - Pitching for Salt Lake City Buzz : RHP Javier Díaz
Batting: SHB Carlos Carranza 0-0: Called Strike
0-1: Ball
1-1: Swinging Strike
1-2: TRIPLE (Flyball, 89D)
Batting: RHB Pablo Trujillo 0-0: Ground out 6-3 (Groundball, 6)
Carlos Carranza scores
Batting: LHB Rick Harrison 0-0: Ball
1-0: Ground out 4-3 (Groundball, 4)
Batting: RHB Kade Knowles 0-0: Ground out 4-3 (Groundball, 4M)
Bottom of the 7th over - 1 run(s), 1 hit(s), 0 error(s), 0 left on base; Salt Lake City 0 - Ellenburg 7
TOP OF THE 8TH
Salt Lake City Buzz batting - Pitching for Ellenburg Fighting Dachsunds : LHP Ron O'Slattery
Now at 3B: José Bocanegra
Batting: RHB Bernardo Cruz 0-0: Swinging Strike
0-1: Ball
1-1: Foul Ball, location: 2F
1-2: Strikes out swinging
Batting: RHB Roberto Ríos 0-0: Ground out 4-3 (Groundball, 4)
Batting: RHB Ichiyo Fujii 0-0: Ball
1-0: Foul Ball, location: 2F
1-1: Swinging Strike
1-2: SINGLE (Flyball, 8LS)
Batting: SHB Raymond Bright 0-0: Swinging Strike
0-1: SINGLE (Flyball, 7LS)
Ichiyo Fujii to second
Batting: LHB Martín Núñes 0-0: Foul Ball, location: 2F
0-1: Fly out, F4 (Popup, 4MD)
Top of the 8th over - 0 run(s), 2 hit(s), 0 error(s), 2 left on base; Salt Lake City 0 - Ellenburg 7
BOTTOM OF THE 8TH
Ellenburg Fighting Dachsunds batting - Pitching for Salt Lake City Buzz : RHP Javier Díaz
Batting: LHB Ramón Hernández 0-0: Ground out 5-3 (Groundball, 56)
Batting: RHB Will Thomas 0-0: Called Strike
0-1: Ball
1-1: Ball
2-1: SINGLE (Groundball, 56D)
Batting: RHB Travis Lee 0-0: Foul Ball, location: 2F
0-1: Ball
1-1: Ball
2-1: Foul Ball, location: 2F
2-2: Fly out, F9 (Flyball, 9M)
Batting: SHB Orlando Deleón 0-0: Called Strike
0-1: Ball
1-1: Fly out, F6 (Popup, 6D)
Bottom of the 8th over - 0 run(s), 1 hit(s), 0 error(s), 1 left on base; Salt Lake City 0 - Ellenburg 7
TOP OF THE 9TH
Salt Lake City Buzz batting - Pitching for Ellenburg Fighting Dachsunds : LHP Ron O'Slattery
Batting: SHB Shelby Reusch 0-0: Swinging Strike
0-1: Ball
1-1: Ball
2-1: Foul Ball, location: 2F
2-2: Foul Ball, location: 2F
2-2: Fly out, F4 (Popup, 34D)
Pitching: RHP Jim Unknown
Batting: RHB Larry Brown 0-0: Called Strike
0-1: Ball
1-1: Ball
2-1: Fly out, F8 (Flyball, 8LM)
Batting: RHB Don MacNeilage 0-0: Ball
1-0: Foul Ball, location: 2F
1-1: Called Strike
1-2: Ball
2-2: Strikes out looking
Top of the 9th over - 0 run(s), 0 hit(s), 0 error(s), 0 left on base; Salt Lake City 0 - Ellenburg 7
This league is powered by Out of the Park Baseball, the baseball management simulation game for PC, Mac and Linux
Friday, January 22nd, 2016 - OOTP Baseball 16.9 Build 39